AoeStats
← [SEID]PrimeroDeLínea

Arena

510013079Analyzed
2v2 RM · 4d ago on Sep 29, 2026· 34m 24s· 4 players
Game mode
Random Map
Map size
Medium (4 player)
Population
200
Speed
Normal
Resources
Standard
Victory
Conquest
Starting age
Dark Age
Ending age
Imperial Age
RankedLock teamsTeams togetherTeam positionsShared explorationLock speedFull tech treeHidden civsTurbo modeCheats
Victory
Defeat
🇦🇷 Khmer · Argentina
1695
+10
🇦🇷 Romans · Argentina
1603
+14
🇨🇴 Malay · Colombia
1586
-13
🇦🇷 Poles · Argentina
1539
-11
lisandropastore
10:28 Feudal Age
14:47 Castle Age
13:14 Horse Collar
13:21 Double-Bit Axe
15:40 Wheelbarrow
14:50 Town Watch
18:03 Loom
20:24 Pikeman
23:42 Squires
32:32 Heavy Plow
FMG | KauTrEnS
8:48 Feudal Age
8:28 Double-Bit Axe
8:24 Horse Collar
16:19 Castle Age
16:26 Bow Saw
18:00 Gold Mining
18:02 Loom
18:56 Wheelbarrow
19:41 Town Watch
24:08 Heavy Plow
29:13 Imperial Age
27:10 Stone Mining
28:12 Forging
30:00 Iron Casting
29:04 Elite Karambit Warrior
29:17 Elite Karambit Warrior
31:49 Blast Furnace
31:53 Chemistry
32:18 Fletching
33:04 Bodkin Arrow
[SEID] Aletheia
9:38 Feudal Age
10:06 Loom
13:38 Castle Age
13:02 Double-Bit Axe
14:50 Bow Saw
20:31 Ballistics
27:21 Horse Collar
28:15 Gold Mining
28:28 Heavy Plow
30:37 Wheelbarrow
32:32 Hand Cart
35:55 Imperial Age
[SEID]PrimeroDeLínea
8:53 Feudal Age
9:27 Double-Bit Axe
9:23 Horse Collar
17:04 Castle Age
16:04 Bloodlines
17:08 Scale Barding Armor
17:12 Light Cavalry
20:06 Bow Saw
20:54 Chain Barding Armor
26:44 Wheelbarrow
26:09 Heavy Plow
26:56 Town Watch
33:00 Imperial Age
30:18 Loom
30:36 Husbandry
30:47 Forging
32:16 Iron Casting
32:14 Gold Mining
33:03 Hussar
34:38 Plate Barding Armor
35:37 Blast Furnace
Connection lost

Rejoining the realm…

Still unreachable

The connection could not be restored.

Session expired

The server has moved on; the page needs a fresh start.